 Dungeon Crawl Stone Soup version 0.28.0-45-g0d030f2227 (webtiles) character file.

Game seed: 6192536200996613367

56 101zpm the Magician (level 4, 0/31 HPs)
             Began as a Djinni Ice Elementalist on Apr 11, 2022.
             Slain by an iguana (5 damage)
             ... on level 2 of the Dungeon.
             The game lasted 00:06:29 (2188 turns).

101zpm the Magician (Djinni Ice Elementalist)       Turns: 2188, Time: 00:06:30

Health: 0/31       AC:  2    Str:  7    XL:     4   Next: 17%
Gold:   25         EV: 12    Int: 19    God:
                   SH:  0    Dex: 13

rFire   + + +      SeeInvis .   (no weapon)
rCold   x . .      Faith    .   (no shield)
rNeg    . . .      Spirit   .   a - +0 robe
rPois   ∞          Reflect  .   (no helmet)
rElec   .          Harm     .   (no cloak)
rCorr   .          Rampage  .   (no gloves)
Will    .....                   (boots unavailable)
Stlth   ++........              (no amulet)
HPRegen 0.10/turn               b - ring of protection from fire
MPRegen 0.00/turn               (no ring)

@: flying
A: sickness immunity, fire resistance 2, cold vulnerability 1, float, innate
caster, HP casting, extra vitality 1
a: no special abilities


You were on level 2 of the Dungeon.
You visited 1 branch of the dungeon, and saw 2 of its levels.

You collected 25 gold pieces.

Inventory:

Missiles
 j - 35 stones
Armour
 a - a +0 robe (worn)
Jewellery
 b - a ring of protection from fire (left hand)
 g - a +6 ring of intelligence
Scrolls
 f - a scroll of summoning {unknown}
 h - a scroll of identify {unknown}
 i - a scroll of enchant armour {unknown}
Potions
 c - 3 potions of curing {unknown}
 d - 2 potions of haste {unknown}
 e - 2 potions of attraction {unknown}


   Skills:
 + Level 0.2 Fighting
 + Level 2.6 Dodging
 + Level 1.7 Stealth
 + Level 4.1 Spellcasting


You couldn't memorise any spells.
You knew the following spells:

 Your Spells              Type           Power      Damage    Failure   Level
a - Freeze                Ice            76%        1d9       2%          1
b - Frozen Ramparts       Ice            38%        1d5       8%          3
c - Ozocubu's Armour      Ice            19%        N/A       8%          3
d - Hailstorm             Conj/Ice       19%        3d6       26%         4
e - Apportation           Tloc           38%        N/A       2%          1
Your spell library was empty.

Dungeon Overview and Level Annotations

Branches:
Dungeon (2/15)

Altars:


Innate Abilities, Weirdness & Mutations

You are immune to sickness and miasma.
You are immune to poison.
Your flesh is very heat resistant. (rF++)
You are vulnerable to cold. (rC-)
You float through the air rather than walking.
You learn spells naturally, not from books.
Your magical power is your life essence.
You have superior vitality. (+4 MHP)


Message History

The ball python closely misses you. The ball python constricts you.
The iguana bites you.
Aiming: Freeze (safe; 2% risk of failure)
Press: ? - help, Q - select action, (/) - cycle Shift-Dir - straight line, f/p - iguana
Aim: an iguana (moderately wounded, slow)
You freeze the iguana.
The iguana is moderately wounded.
The ball python barely misses you. The ball python constricts you.
Aiming: Freeze (safe; 2% risk of failure)
Press: ? - help, Q - select action, (/) - cycle Shift-Dir - straight line, f/p - iguana
Aim: an iguana (moderately wounded, slow)
You freeze the iguana.
The iguana is heavily wounded.
The iguana seems to slow down.
The ball python bites you. The ball python constricts you.
The iguana closely misses you. The ball python barely misses you.
The ball python constricts you.
Aiming: Freeze (safe; 2% risk of failure)
Press: ? - help, Q - select action, (/) - cycle Shift-Dir - straight line, f - ball python, p - iguana
Aim: a ball python (constricting you)
You freeze the ball python.
You kill the ball python!
The iguana bites you!
* * * LOW HITPOINT WARNING * * *
Aiming: Freeze (safe; 2% risk of failure)
Press: ? - help, Q - select action, (/) - cycle Shift-Dir - straight line, f - iguana
Aim: an iguana (heavily wounded, slow)
You freeze the iguana.
The iguana is severely wounded.
The iguana seems to slow down.
* * * LOW HITPOINT WARNING * * *
Aiming: Freeze (safe; 2% risk of failure)
Press: ? - help, Q - select action, (/) - cycle Shift-Dir - straight line, f/p - iguana
Aim: an iguana (severely wounded, slow)
You freeze the iguana.
The iguana is almost dead.
The iguana seems to slow down.
* * * LOW HITPOINT WARNING * * *
The iguana bites you.
You die...

#...........##
####.......##
#........#
#####....#
#....# #....#
#....# #....#
#.@..# #.l..#
#....# #....#
#....# #....#
######


You could see an iguana (slow).

Vanquished Creatures
  An adder (D:1)
  A dart slug (D:2)
  3 endoplasms
  A giant cockroach (D:2)
  3 hobgoblins (D:1)
  A jackal (D:1)
  7 kobolds
  5 quokkas (D:1)
  3 ball pythons
  A bat (D:1)
  4 frilled lizards (D:1)
  7 goblins
  4 rats (D:1)
41 creatures vanquished.

Notes
Turn   | Place    | Note
-------+----------+-------------------------------------------
     0 | D:1      | 101zpm the Djinni Ice Elementalist began the quest for the
                  | Orb.
     0 | D:1      | Reached XP level 1. HP: 15/15 MP: 0/0
    60 | D:1      | Reached XP level 2. HP: 12/21 MP: 0/0
   778 | D:1      | Reached XP level 3. HP: 24/25 MP: 0/0
   778 | D:1      | Learned a level 1 spell: Apportation
  1495 | D:2      | Reached skill level 4 in Spellcasting
  1780 | D:2      | Reached XP level 4. HP: 27/31 MP: 0/0
  2188 | D:2      | Slain by an iguana

Illustrated notes

Levels and vault maps discovered:
D:1:      psy_arrival_terrarium, layout_rooms, minmay_ruptured
D:2:      layout_basic, basic_ecumenical_altar, grunt_ministairs_1,
          amcnicky_mini_pool_small, hangedman_feature_mirror,
          uniq_crazy_yiuf_cottage, uniq_terence

Skill      XL: |  1  2  3 |
---------------+----------+-----
Spellcasting   | 4 |  4.1
Fighting       | |  0.2
Dodging        | |  2.6
Stealth        | |  1.7

Action                   |  1- 3 |  4- 6 || total
-------------------------+-------+-------++-------
Melee: Unarmed           |    16 |       ||    16
       Punch             |     1 |       ||     1
 Cast: Freeze            |    44 |    12 ||    56
       Frozen Ramparts   |     4 |     2 ||     6
Armor: Robe              |    11 |       ||    11
Dodge: Dodged            |    28 |    10 ||    38
